AoeStats
← 保尔·柯察金

Arabia

510085368Analyzed
1v1 RM · 4d ago on Sep 29, 2026· 33m 55s· 2 players
Game mode
Random Map
Map size
Tiny (2 player)
Population
200
Speed
Normal
Resources
Standard
Victory
Conquest
Starting age
Dark Age
Ending age
Imperial Age
RankedLock teamsTeams togetherTeam positionsShared explorationLock speedFull tech treeHidden civsTurbo modeCheats
Victory
Defeat
🇨🇳 Saxons · China
1304
+14
🇫🇮 Ethiopians · Finland
1255
-14
保尔·柯察金
6:27 Loom
8:55 Feudal Age
13:54 Fletching
14:44 Horse Collar
20:44 Castle Age
20:36 Double-Bit Axe
21:11 Padded Archer Armor
21:53 Scale Mail Armor
24:42 Bodkin Arrow
26:08 Gambesons
27:21 Squires
30:55 Arson
32:13 Chain Mail Armor
Elven_Arse
6:25 Loom
9:26 Feudal Age
10:02 Double-Bit Axe
10:45 Man-at-Arms
19:16 Fletching
22:54 Castle Age
23:56 Wheelbarrow
23:49 Bow Saw
23:21 Horse Collar
23:05 Crossbowman
23:41 Bodkin Arrow
30:52 Scale Barding Armor
Connection lost

Rejoining the realm…

Still unreachable

The connection could not be restored.

Session expired

The server has moved on; the page needs a fresh start.